 Dungeon Crawl Stone Soup version 0.30-a0-879-ga8ba668304 (webtiles) character file.

Game seed: 8255425145021089265

8 Mickster the Cutter (level 1, 0/16 HPs)
             Began as a Demigod Wanderer on Mar 13, 2023.
             Slain by a rat (3 damage)
             ... on level 1 of the Dungeon.
             The game lasted 00:06:23 (574 turns).

Mickster the Cutter (Demigod Wanderer)               Turns: 574, Time: 00:06:23

Health: 0/16       AC:  6    Str: 18    XL:     1   Next: 80%
Magic:  4/4        EV:  9    Int: 11    God:
Gold:   42         SH:  0    Dex: 11    Spells: 2/2 levels left

rFire   . . .      SeeInvis .    a - +0 short sword
rCold   . . .      Faith    .    (no shield)
rNeg    . . .      Spirit   .    c - +0 scale mail
rPois   .          Reflect  .    (no helmet)
rElec   .          Rampage  .    (no cloak)
rCorr   .                        (no gloves)
Will    .....                    (no boots) Stlth
                                 (no amulet)
HPRegen 0.22/turn                (no ring)
MPRegen 0.09/turn                (no ring)

@: mighty
A: high MP 1, forlorn, divine attributes
a: no special abilities


You were on level 1 of the Dungeon.
You visited 1 branch of the dungeon, and saw 1 of its levels.

You collected 42 gold pieces.

Inventory:

Hand Weapons
 a - a +0 short sword (weapon)
 g - a +0 spear
Missiles
 f - 11 stones
 h - 5 poisoned darts (quivered)
Armour
 c - a +0 scale mail (worn)
Scrolls
 b - 2 scrolls of blinking
Potions
 i - a potion of attraction {unknown}


   Skills:
 + Level 1.0 Fighting
 * Level 3.0 Short Blades
 + Level 2.0 Armour
 + Level 1.7 Unarmed Combat
 + Level 1.1 Spellcasting
 + Level 1.0 Evocations


You had 2 spell levels left.
You didn't know any spells.
Your spell library was empty.

Dungeon Overview and Level Annotations

Branches:
Dungeon (1/15)


Innate Abilities, Weirdness & Mutations

You have an increased reservoir of magic. (+10% MP)
You shall have no god before yourself.
Your divine heritage dramatically boosts your attributes as you level up.


Message History

The ball python is severely wounded.
The ball python completely misses you. The ball python constricts you.
The quokka bites you.
You closely miss the ball python.
The ball python is severely wounded.
The ball python bites you. The ball python constricts you.
The quokka bites you but does no damage.
You hit the ball python.
You kill the ball python!
The quokka bites you but does no damage.
An endoplasm comes into view.
The endoplasm quivers.
The quokka bites you but does no damage.
The rat bites you.
You see here a ball python corpse.
You hit the quokka but do no damage. The quokka bites you.
The kobold barely misses you.
The rat splashes around in the water.
You hit the quokka.
The quokka is lightly wounded.
The quokka bites you. The kobold hits you but does no damage.
The rat splashes around in the water.
You hit the quokka but do no damage.
The quokka is lightly wounded.
The quokka bites you but does no damage.
The kobold closely misses you. The rat bites you but does no damage.
You miss the quokka.
The quokka is lightly wounded.
The quokka closely misses you. The kobold hits you with a +0 club.
* * * LOW HITPOINT WARNING * * *
You hit the quokka but do no damage.
The quokka is lightly wounded.
The quokka closely misses you.
The rat splashes around in the water.
The kobold hits you with a +0 club.
* * * LOW HITPOINT WARNING * * *
You feel very mighty all of a sudden.
The quokka bites you but does no damage.
The rat bites you but does no damage. The kobold barely misses you.
The quokka barely misses you.
You barely miss the rat. The rat bites you.
You die...

#..##......#
..P...♣...........>.#
P~~.~~~....###......#
..P~~~~~~♣. #......#
~.~≈≈≈~~~~♣# #####.##
.~~≈≈~~J~~.# ##.#
♣.~~♣~~.~~♣# ##..#
.~~.~~.r~♣.#####...#####
#P..♣r@P....#...#......
## ###
#.K........######### .#
#.. #.............# #.
.#####.#.#
#........####.# #.
.##....#.# #....##.## #
#. .......#.# #...###.#
#. .##....#.#.###....
..# #.
~~#....#.#.#...##.####
#. ~P.....#.#.#.####.
......


You could see an endoplasm, a quokka, a kobold and a rat.

Vanquished Creatures
  A ball python (D:1)
  2 goblins (D:1)
  A bat (D:1)
  A frilled lizard (D:1)
  2 kobolds (D:1)
  2 rats (D:1)
9 creatures vanquished.

Vanquished Creatures (others)
  5 plants (D:1)
5 creatures vanquished.

Grand Total: 14 creatures vanquished

Notes
Turn   | Place    | Note
-------+----------+-------------------------------------------
     0 | D:1      | Mickster the Demigod Wanderer began the quest for the Orb.
     0 | D:1      | Mickster set off with the following items: a +0 short
                  | sword, 2 scrolls of blinking, a +0 scale mail, a potion of
                  | might.
     0 | D:1      | Reached XP level 1. HP: 16/16 MP: 4/4
   150 | D:1      | Reached skill level 3 in Short Blades
   574 | D:1      | Slain by a rat

Illustrated notes

Levels and vault maps discovered:
D:1:      dpeg_arrival_stone_temple_mockup, layout_basic, serial_bayou,
          serial_bayou_pond_b, serial_bayou_lagoon_a, serial_bayou_lagoon_b,
          serial_bayou_pond_b, minivault_14

Skill      XL: |  1 |
---------------+----+-----
Armour         | 2 |  2.0
Short Blades   | 3 |  3.0
Fighting       | |  1.0
Unarmed Combat | |  1.7
Spellcasting   | |  1.1
Evocations     | |  1.0

Action                     || total
---------------------------++-------
  Melee: Short sword       ||    76
         Punch             ||     1
    Use: Scroll            ||     1
         Potion            ||     1
 Armour: Scale mail        ||    37
  Dodge: Dodged            ||    31

Table legend: (Time is in decaauts)
 A = Elapsed time spent in this place.
 B = Non-inter-level travel time spent in this place.
 C = Inter-level travel time spent in this place.
 D = Time resting spent in this place.
 E = Time spent auto-exploring this place.
 F = Levels seen in this place.
 G = Mean time per level.
                   A        B        C        D        E       F      G
               +--------+--------+--------+--------+--------+-----+--------+
         Total |    590 |    538 |     52 |      0 |      0 |   1 |  590.0 |
       Dungeon |    590 |    538 |     52 |      0 |      0 |   1 |  590.0 |
               +--------+--------+--------+--------+--------+-----+--------+

Top non-repeatable levels by time:
     D:1: 590 daAuts
